 Dungeon Crawl Stone Soup version 0.31.0-32-g396128a36d (webtiles) character file.

Game seed: 13185494123225979992

8 123awrfd the Ruffian (level 2, -3/18 HPs)
             Began as an Octopode Shapeshifter on Apr 8, 2024.
             Slain by a gnoll
             ... wielding a +0 club
              (4 damage)
             ... on level 1 of the Dungeon.
             The game lasted 00:03:17 (219 turns).

123awrfd the Ruffian (Octopode Shapeshifter)         Turns: 219, Time: 00:03:18

Health: -3/18      AC:  1    Str: 13    XL:     2   Next: 8%
Magic:  2/2        EV: 13    Int: 12    God:
Gold:   10         SH:  0    Dex: 11    Spells: 1/1 levels left

rFire   . .          .
                       - Unarmed
rCold   . . .        (no shield)
rNeg    . . .        (helmet currently unavailable)
rPois   .            (no amulet)
rElec   .            (no ring)
rCorr   .            (no ring)
SInv    .            (no ring)
Will    .....        (no ring)
Stlth   ++           (no ring)
HPRegen 0.23/turn    (no ring)
MPRegen 0.08/turn    (no ring)
                     (no ring)

%: no passive effects
@: beast-form
A: beast (slay +1), almost no armour, amphibious, 8 rings, camouflage 1,
gelatinous body 1, (nimble swimmer 1), tentacles
a: Begin Untransformation


You were on level 1 of the Dungeon.
You were a hulking beast.
You visited 1 branch of the dungeon, and saw 1 of its levels.

You collected 10 gold pieces.

Inventory:

Hand Weapons
 d - a +0 mace
Talismans
 b - a beast talisman (active)
 c - a flux talisman
Potions
 a - a potion of lignification


   Skills:
 + Level 1.0 Fighting
 + Level 2.0 Dodging
 + Level 3.3 Unarmed Combat
 + Level 3.2 Shapeshifting


You had one spell level left.
You didn't know any spells.
Your spell library was empty.

Dungeon Overview and Level Annotations

Branches:
Dungeon (1/15)

Altars:


Innate Abilities, Weirdness & Mutations

You are a hulking beast.
Your limbs bulge with bestial killing power. (Slay +1)
You cannot wear most types of armour.
You are amphibious.
You can wear up to eight rings at the same time.
Your skin changes colour to match your surroundings (Stealth+).
Your rubbery body absorbs attacks. (AC +1, EV +1)
((You are camouflaged when in or above water. (Stealth+)))
You have tentacles for arms and can constrict up to eight enemies at once.


Message History

Your squeeze misses the ball python. The ball python bites you.
The ball python misses you.
You bludgeon the ball python!
You kill the ball python!
You see here a ball python corpse.
There is a stone staircase leading down here.
There is a stone staircase leading down here.
You see here a ball python corpse.
You see here a +0 mace.
You see here a ball python corpse.
You see here a +0 mace.
You see here a ball python corpse.
There is a stone staircase leading down here.
You see here a ball python corpse.
You see here a +0 mace.
Okay, then.
Okay, then.
You see here a +0 mace.
d - a +0 mace You see here a ball python corpse.
There is a stone staircase leading down here.
A gnoll comes into view. It is wielding a +0 club.
The gnoll shouts!
A giant cockroach comes into view.
The gnoll barely misses you.
You barely miss the gnoll. You grab the gnoll. You constrict the gnoll.
The gnoll hits you with a +0 club.
You tentacle-slap the gnoll.
The gnoll is moderately wounded.
You constrict the gnoll. The gnoll hits you with a +0 club!
Ouch! That really hurt!
You release your grip on the gnoll.
The gnoll attacks as it pursues you! The gnoll hits you but does no damage.
A dart slug comes into view.
The gnoll attacks as it pursues you! The gnoll misses you.
The gnoll attacks as it pursues you! The gnoll hits you with a +0 club!
* * * LOW HITPOINT WARNING * * *
The gnoll barely misses you. The gnoll attacks as it pursues you!
The gnoll hits you with a +0 club.
You die...

#.# #.# #.#.# #.##.# #.#.##.
#.##.# ....... #.##.# ...####
#.##.# #.## ### ##.##.### # #.#
##.## ##..##...########..#
#.####.#.###...##..B...w......#
........#..†...>hg#.#########.#
######....##...####.#
##.#.###.## #.. ......#.#.# #.#
#.## #####.#...# #.. .## #####
#..# # #..# #..#


You could see a gnoll, a dart slug and a giant cockroach.

Vanquished Creatures
  A dart slug (D:1)
  2 bats (D:1)
  An endoplasm (D:1)
  A kobold (D:1)
  A ball python (D:1)
6 creatures vanquished.

Notes
Turn   | Place    | Note
-------+----------+-------------------------------------------
     0 | D:1      | 123awrfd the Octopode Shapeshifter began the quest for the
                  | Orb.
     0 | D:1      | Reached XP level 1. HP: 13/13 MP: 1/1
   111 | D:1      | Reached XP level 2. HP: 12/18 MP: 2/2
   219 | D:1      | Slain by a gnoll

Illustrated notes

Levels and vault maps discovered:
D:1:      dpeg_arrival_simpleton_c, layout_loops_ring,
          shapermc_ecumenical_altar_acropolis, serial_shops, shop,
          chequers_arboretum, st_stairs_2

Action                     || total
---------------------------++-------
  Melee: Unarmed           ||    14
         Constrict         ||     3
         Tentacles         ||     2
   Stab: Sleeping          ||     2
 Armour: Skin              ||     9
  Dodge: Dodged            ||    11
   Form: Beast             ||     1
